 Dungeon Crawl Stone Soup version 0.18.1-47-g9310371 (webtiles) character file.

64 dvd the Firebug (level 3, -6/26 HPs)
             Began as a Demigod Fire Elementalist on June 22, 2016.
             Blown up by Ijyb (12 damage)
             ... with a wand of disintegration
             ... on level 2 of the Dungeon.
             The game lasted 00:04:42 (1283 turns).

dvd the Firebug (Demigod Fire Elementalist)         Turns: 1283, Time: 00:04:42

Health: -6/26      AC:  3    Str: 11    XL:     3   Next: 64%
Magic:  1/8        EV: 13    Int: 21    God:
Gold:   29         SH:  0    Dex: 16    Spells: 3 memorised, 0 levels left

rFire  . . .     SeeInvis .     o - +0 whip
rCold  . . .     Gourm    .     a - +0 robe
rNeg   . . .     Faith    .     (no shield)
rPois  .         Spirit   .     (no helmet)
rElec  .         Dismiss  .     (no cloak)
rCorr  .         Reflect  .     (no gloves)
SustAt +         Harm     .     h - +0 pair of boots
MR     .....                    (no amulet)
Stlth  ++........               (no ring)
                                (no ring)

@: very slightly contaminated, not resistant to hostile enchantments, unstealthy
A: high mp 1, sustain attributes
a: no special abilities


You were on level 2 of the Dungeon.
You were not hungry.

You visited 1 branch of the dungeon, and saw 2 of its levels.

You collected 29 gold pieces.

Inventory:

Hand Weapons
 d - a +0 club
 g - a +0 short sword
 m - a +0 dagger
 o - a +0 whip (weapon)
Armour
 a - a +0 robe (worn)
 e - a +0 leather armour
 f - a +0 ring mail
 h - a +0 pair of boots (worn)
Scrolls
 i - a scroll of noise {unknown}
 j - a scroll of teleportation {unknown}
 k - a scroll of magic mapping {unknown}
 n - a scroll of remove curse {unknown}
 p - a scroll of recharging {unknown}
 q - a scroll of blinking {unknown}
 r - a scroll of identify {unknown}
Books
 b - a book of Flames

   Spells                             Type                      Level
   a - Flame Tongue                   Conjuration/Fire             1
   b - Throw Flame                    Conjuration/Fire             2
   c - Conjure Flame                  Conjuration/Fire             3
   d - Inner Flame                    Hexes/Fire                   3
   e - Sticky Flame                   Conjuration/Fire             4
   f - Fireball                       Conjuration/Fire             5
Comestibles
 c - 2 bread rations
 l - 2 meat rations
 s - 5 chunks of flesh


   Skills:
 + Level 2.2 Dodging
 + Level 2.4 Stealth
 + Level 2.1 Spellcasting
 + Level 1.6 Conjurations
 + Level 3.1 Fire Magic


You couldn't memorise any spells.
You knew the following spells:

 Your Spells              Type           Power        Failure   Level  Hunger
a - Flame Tongue          Conj/Fire      ##...        8%          1    #......
b - Throw Flame           Conj/Fire      ##....       12%         2    ##.....
c - Conjure Flame         Conj/Fire      ##......     21%         3    ###....


Dungeon Overview and Level Annotations

Branches:
Dungeon (2/15)

Annotations:
D:2 Ijyb


Innate Abilities, Weirdness & Mutations

You have an increased reservoir of magic (+10% MP).
Your attributes are resistant to harm.


Message History

The flame tongue hits Ijyb.
Ijyb appears unharmed.
Ijyb is heavily wounded.
Ijyb hits you but does no damage.
Casting: Flame Tongue
Confirm with . or Enter, or press ? or * to list all spells.
Aiming: Flame Tongue
Press: ? - help, Shift-Dir - straight line, f/p - Ijyb
Aim: Ijyb, carrying a wand of disintegration {zapped: 1} (heavily wounded)
The flame tongue hits Ijyb.
Ijyb is almost dead.
Ijyb misses you.
Casting: Flame Tongue
Confirm with . or Enter, or press ? or * to list all spells.
Aiming: Flame Tongue
Press: ? - help, Shift-Dir - straight line, f/p - Ijyb
Aim: Ijyb, carrying a wand of disintegration {zapped: 1} (almost dead)
The flame tongue hits Ijyb.
Ijyb is almost dead.
Ijyb zaps a wand.
You are blasted!
You die...

########.........
#................
#........÷..÷....
#................
#........##......
#######........##......
#..............##......
#..............##.....(
#....g@.!..######......
#.......†..# #......
#..........# #......
#........).#
#..........#
#..........#
#..........#
############


You could see Ijyb.

Vanquished Creatures
  An adder (D:2)
  An ooze (D:1)
  3 dart slugs
  2 giant geckos
  5 bats
  3 giant cockroaches (D:1)
  6 goblins
  6 hobgoblins
  A quokka (D:2)
  8 kobolds
  4 rats (D:1)
40 creatures vanquished.

Notes
Turn   | Place    | Note
--------------------------------------------------------------
     0 | D:1      | dvd the Demigod Fire Elementalist began the quest for the Orb.
     0 | D:1      | Reached XP level 1. HP: 14/14 MP: 5/5
    98 | D:1      | Reached skill level 3 in Fire Magic
   203 | D:1      | Reached XP level 2. HP: 20/20 MP: 4/7
   302 | D:1      | Learned a level 2 spell: Throw Flame
   405 | D:1      | Reached skill level 1 in Conjurations
   693 | D:1      | Reached XP level 3. HP: 26/26 MP: 6/8
   886 | D:2      | Found a radiant altar of Vehumet.
   924 | D:2      | Found a glowing golden altar of the Shining One.
  1080 | D:2      | Found a snail-covered altar of Cheibriados.
  1109 | D:2      | Learned a level 3 spell: Conjure Flame
  1274 | D:2      | Noticed Ijyb
  1283 | D:2      | Blown up by Ijyb

Skill      XL: |  1  2 |
---------------+-------+-----
Fire Magic     | 3 |  3.1
Stealth        | 2 |  2.4
Dodging        | 2 |  2.2
Conjurations   | 1 |  1.6
Spellcasting   | 2 |  2.1

Action                   || total
-------------------------++-------
Melee: Club              ||     5
       Dagger            ||     1
 Cast: Flame Tongue      ||    58
       Throw Flame       ||     9
 Stab: Sleeping          ||     4
  Eat: Chunk             ||     2
Armor: Robe              ||     9
Dodge: Dodged            ||    16
